 Dungeon Crawl Stone Soup version 0.27.1 (webtiles) character file.

Game seed: 6038474175193366894

13480 bnorton916 the Jinx (level 11, -3/62 HPs)
             Began as a Deep Elf Conjurer on Aug 30, 2021.
             Was a Believer of Vehumet.
             Slain by a six-headed hydra (6 damage)
             ... on level 2 of the Lair of Beasts.
             The game lasted 00:26:39 (16080 turns).

bnorton916 the Jinx (Deep Elf Conjurer)            Turns: 16080, Time: 00:26:41

Health: -3/62      AC:  5    Str:  9    XL:     11   Next: 76%
Magic:  16/27      EV: 16    Int: 33    God:    Vehumet [**....]
Gold:   850        SH:  0    Dex: 17    Spells: 16/30 levels left

rFire    . . .     SeeInvis +   C - staff of conjuration
rCold    . . .     Faith    .   (no shield)
rNeg     . . .     Spirit   .   t - +0 robe of Owedurue {Str+5 Dex+4}
rPois    .         Reflect  .   n - +1 helmet
rElec    .         Harm     .   J - +0 cloak
rCorr    .         Rampage  .   (no gloves)
Will     +....                  (no boots)
Stlth    ++........             u - amulet of regeneration
HPRegen  1.20/turn              x - +6 ring of intelligence
MPRegen  0.20/turn              w - ring of see invisible

@: no status effects
A: no striking features
a: Renounce Religion


You were on level 2 of the Lair of Beasts.
You worshipped Vehumet.
Vehumet was pleased with you.
You visited 3 branches of the dungeon, and saw 12 of its levels.
You also visited: Ossuary.

You collected 850 gold pieces.

Inventory:

Hand Weapons
 h - a +2 short sword of venom
 j - a +2 vampiric dagger
 p - a +2 dagger of electrocution
Missiles
 q - 183 stones
 G - 3 throwing nets
Armour
 n - a +1 helmet (worn)
 t - the +0 robe of Owedurue (worn) {Str+5 Dex+4}
   (You found it on level 6 of the Dungeon)

   Str:       It affects your strength (+5).
   Dex:       It affects your dexterity (+4).
 J - a +0 cloak (worn)
Magical Staves
 r - a staff of fire
 C - a staff of conjuration (weapon)
Jewellery
 i - a ring of positive energy
 u - an amulet of regeneration (around neck)
 w - a ring of see invisible (right hand)
 x - a +6 ring of intelligence (left hand)
 E - an amulet of reflection
Wands
 s - a wand of flame (7)
Scrolls
 d - a scroll of fog
 e - a scroll of enchant armour
 f - 2 scrolls of teleportation
 m - a scroll of amnesia
 v - a scroll of immolation
 y - 5 scrolls of enchant weapon
 F - a scroll of silence
 H - a scroll of vulnerability {unknown}
 I - a scroll of holy word {unknown}
Potions
 a - 3 potions of heal wounds
 b - 4 potions of ambrosia
 c - 6 potions of flight
 g - 3 potions of curing
 k - 2 potions of attraction
 l - 2 potions of berserk rage
 o - a potion of magic
 z - 4 potions of haste
 A - a potion of degeneration
 B - 2 potions of brilliance
 D - 2 potions of lignification


   Skills:
 + Level 4.7 Fighting
 - Level 4.5 Armour
 - Level 7.1 Dodging
 - Level 2.4 Stealth
 + Level 10.4 Spellcasting
 + Level 9.5 Conjurations
 - Level 11.1 Hexes
 - Level 9.5 Translocations


You had 16 spell levels left.
You knew the following spells:

 Your Spells              Type           Power      Damage    Failure   Level
a - Magic Dart            Conj           100%       1d8       1%          1
b - Searing Ray           Conj           100%       3d7       1%          2
c - Fulminant Prism       Conj/Hex       45%        3d21      1%          4
d - Iskenderun's Mystic   Conj/Tloc      88%        2d17      1%          4
e - Frozen Ramparts       Ice            34%        1d5       9%          3

Your spell library contained the following spells:

 Spells                   Type           Power      Damage    Failure   Level
 Apportation              Tloc           100%       N/A       1%          1
 Corona                   Hex            82%        N/A       1%          1
 Ensorcelled Hibernation  Hex/Ice        100%       N/A       1%          2
 Dazzling Flash           Conj/Hex       100%       N/A       1%          3
 Animate Skeleton         Necr           34%        N/A       2%          1
 Summon Small Mammal      Summ           68%        N/A       2%          1
 Sublimation of Blood     Necr           8%         N/A       4%          2
 Summon Mana Viper        Hex/Summ       52%        N/A       8%          5
 Spider Form              Tmut/Pois      8%         N/A       9%          3
 Irradiate                Conj/Tmut      32%        3d24      11%         5
 Summon Forest            Summ/Tloc      24%        N/A       11%         5
 Petrify                  Tmut/Erth      17%        N/A       26%         4
 Shadow Creatures         Summ           N/A        N/A       99%         6


Dungeon Overview and Level Annotations

Branches:
Dungeon (9/15)             Temple (1/1) D:7            Lair (2/6) D:9
Ossuary (visited)
  Swamp: Lair:2-4    Shoals: Lair:2-4     Snake: Lair:2-4    Spider: Lair:2-4
    Orc: D:9-12

Altars:
Ashenzari
Cheibriados
Dithmenos
Elyvilon
Fedhas
Gozag
Hepliaklqana
Kikubaaqudgha
Makhleb
Nemelex Xobeh
Okawaru
Qazlal
Ru
Sif Muna
Trog
Uskayaw
Vehumet
Wu Jian
Xom
Yredelemnul
Zin
The Shining One
Beogh

Annotations:
D:6 1 transporter, Daunt's ghost, novice OpBr


Message History

The centaur shoots an arrow.
The arrow hits your fulminant prism!
Your fulminant prism crackles loudly.
The six-headed hydra bites you.
The six-headed hydra closely misses you. x3
The six-headed hydra bites you. x2
Your fulminant prism explodes!
The blast of energy engulfs the centaur!!
You kill the centaur!
Vehumet accepts your kill.
You feel your power returning.
The blast of energy engulfs the six-headed hydra!!
The six-headed hydra is moderately wounded.
You see here a hydra corpse.
Unknown command.
Unknown command.
Unknown command.
Casting: Fulminant Prism (safe; 1% risk of failure)
Confirm with . or Enter, or press ? or * to list all spells.
You feel a surge of power!
You erupt in a blast of force!
The mystic blast hits the six-headed hydra!!
The six-headed hydra is severely wounded.
The six-headed hydra is knocked back by the mystic blast.
Your surroundings seem slightly different.
There is a stone staircase leading up here.
Casting: Iskenderun's Mystic Blast (dangerous; 1% risk of failure)
Confirm with . or Enter, or press ? or * to list all spells.
Aiming: Fulminant Prism (safe; 1% risk of failure)
Press: ? - help, Dir - move target You feel a surge of power!
You conjure a prism of explosive energy!
A fulminant prism comes into view.
Your fulminant prism crackles loudly.
The six-headed hydra bites you! x2
* * * LOW HITPOINT WARNING * * *
The six-headed hydra bites you.
* * * LOW HITPOINT WARNING * * *
The six-headed hydra bites you.
* * * LOW HITPOINT WARNING * * *
The six-headed hydra bites you.
You die...

# ##### ##
###################.#.###.##.
.............................
.............................
................#..##.P####..
...............#.P.##.#####..
....†........................
...............D............#
.......).....*..@#.####..#..#
.................### .#...#
.................. ......
......$.........#.. P##..
................##.# ## ..
................# .P
................. ...
........ ....... ...


You could see a six-headed hydra (ally target) and a friendly fulminant prism.

Vanquished Creatures
  Harold (Lair:1)
  3 hydras
  A two-headed ogre (D:8)
  Sonja (Lair:1)
  A black mamba (Lair:1)
  3 cane toads (Lair:1)
  A rime drake (Lair:1)
  4 komodo dragons (Lair:1)
  A troll (D:9)
  7 yaks
  2 wyverns (D:7)
  A basilisk (Lair:1)
  Grum (D:8)
  A steam dragon (D:8)
  An acid dragon (D:5)
  6 water moccasins
  6 orc warriors
  An ice beast (D:7)
  A sky beast (D:7)
  A necrophage (D:6)
  5 wolves
  2 ogres
  6 centaurs
  2 phantoms
  A gnoll sergeant (D:9)
  3 bullfrogs
  A wyvern zombie (D:9)
  A scorpion (D:5)
  A wyvern skeleton (D:5)
  A water moccasin skeleton (D:6)
  13 wights
  2 electric eels (D:9)
  4 howler monkeys
  2 centaur zombies
  8 orc priests
  5 hounds
  2 gnoll shamans
  2 bullfrog skeletons
  A scorpion zombie (D:4)
  An iguana (D:6)
  7 orc wizards
  A hound skeleton (D:4)
  8 mummies (Ossuary)
  A howler monkey zombie (D:7)
  9 gnolls
  A howler monkey skeleton (D:4)
  6 adders
  A shadow imp (D:6)
  A worm (D:2)
  3 dart slugs
  44 orcs
  5 endoplasms
  4 giant cockroaches
  8 goblins
  6 hobgoblins
  8 jackals
  2 quokkas
  2 ball pythons
  6 bats
  4 frilled lizards
  2 gnoll zombies (Ossuary)
  A hobgoblin zombie (Ossuary)
  6 kobolds
  4 kobold zombies (Ossuary)
  An orc zombie (Ossuary)
  A quokka zombie (D:4)
  4 rats
253 creatures vanquished.

Vanquished Creatures (others)
  33 fulminant prisms
  4 fungi (Lair:1)
  10 plants
47 creatures vanquished.

Grand Total: 300 creatures vanquished

Notes
Turn   | Place    | Note
-------+----------+-------------------------------------------
     0 | D:1      | bnorton916 the Deep Elf Conjurer began the quest for the
                  | Orb.
     0 | D:1      | Reached XP level 1. HP: 10/10 MP: 6/6
   257 | D:1      | Reached XP level 2. HP: 14/15 MP: 0/8
   616 | D:1      | Found a faded altar of an unknown god.
   831 | D:1      | Learned a level 2 spell: Searing Ray
   932 | D:2      | Reached skill level 5 in Conjurations
   932 | D:2      | Reached XP level 3. HP: 19/19 MP: 5/10
  1541 | D:2      | Reached XP level 4. HP: 24/24 MP: 9/12
  2141 | D:3      | Reached skill level 5 in Spellcasting
  2212 | D:3      | Reached XP level 5. HP: 10/28 MP: 4/15
  2580 | D:3      | Found a sacrificial altar of Ru.
  3448 | D:4      | Reached XP level 6. HP: 26/32 MP: 11/17
  4240 | D:4      | Found a basalt altar of Yredelemnul.
  4591 | D:5      | Entered Level 5 of the Dungeon
  4600 | D:4      | Learned a level 4 spell: Fulminant Prism
  4605 | D:4      | Learned a level 4 spell: Iskenderun's Mystic Blast
  4609 | D:5      | Reached skill level 1 in Hexes
  4612 | D:5      | Reached skill level 1 in Translocations
  4707 | D:5      | Noticed a water moccasin
  4714 | D:5      | Killed a water moccasin
  4715 | D:5      | Reached skill level 2 in Hexes
  4715 | D:5      | Reached XP level 7. HP: 36/36 MP: 12/19
  4717 | D:5      | Reached skill level 3 in Hexes
  5035 | D:5      | Reached skill level 4 in Hexes
  5398 | D:5      | Reached skill level 5 in Hexes
  5589 | D:6      | Reached XP level 8. HP: 41/41 MP: 8/20
  5604 | D:6      | Reached skill level 6 in Hexes
  5604 | D:6      | Reached skill level 5 in Translocations
  6020 | D:5      | Identified a scroll of acquirement
  6020 | D:5      | Acquired a staff of fire
  6245 | D:5      | Reached skill level 7 in Hexes
  7403 | D:6      | Found a transporter.
  7481 | D:6      | Reached skill level 8 in Hexes
  7759 | D:6      | Noticed Daunt's ghost (novice OpBr)
  7798 | D:6      | Found a transporter.
  7812 | D:6      | Identified the +0 robe of Owedurue {Str+5 Dex+4}
  8070 | D:7      | Found a white marble altar of Elyvilon.
  8072 | D:7      | Found an ornate altar of the Wu Jian Council.
  8072 | D:7      | Found a blossoming altar of Fedhas.
  8085 | D:7      | Found a snail-covered altar of Cheibriados.
  8266 | D:7      | Reached XP level 9. HP: 45/45 MP: 17/21
  8271 | D:7      | Reached skill level 9 in Hexes
  8824 | D:7      | Found a staircase to the Ecumenical Temple.
  8835 | Temple   | Entered the Ecumenical Temple
  9072 | Temple   | Became a worshipper of Vehumet
  9309 | D:8      | Found a sand-covered staircase.
  9334 | Ossuary  | Entered an ossuary
 10046 | D:8      | Noticed Grum
 10055 | D:8      | Killed Grum
 10056 | D:8      | Reached skill level 10 in Hexes
 10084 | D:8      | Noticed a two-headed ogre
 10092 | D:8      | Killed a two-headed ogre
 10093 | D:8      | Reached skill level 11 in Hexes
 10661 | D:8      | Found a glowing silver altar of Zin.
 10707 | D:8      | Reached skill level 1 in Armour
 10831 | D:8      | Reached * piety under Vehumet
 10831 | D:8      | Offered knowledge of Foxfire by Vehumet.
 10832 | D:8      | Reached XP level 10. HP: 42/50 MP: 14/22
 11651 | D:9      | Reached skill level 5 in Dodging
 12336 | D:9      | Found a staircase to the Lair.
 12343 | D:9      | Reached ** piety under Vehumet
 12343 | D:9      | Offered knowledge of Freeze by Vehumet.
 12964 | D:9      | Acquired a staff of conjuration
 13655 | Lair:1   | Entered Level 1 of the Lair of Beasts
 13677 | Lair:1   | Reached skill level 1 in Fighting
 13842 | Lair:1   | Noticed a black mamba
 13861 | Lair:1   | Noticed Sonja
 13870 | Lair:1   | Killed a black mamba
 13886 | Lair:1   | Killed Sonja
 13950 | Lair:1   | Reached XP level 11. HP: 57/57 MP: 16/25
 14031 | Lair:1   | Noticed Harold
 14036 | Lair:1   | Killed Harold
 14352 | Lair:1   | Noticed a four-headed hydra
 14361 | Lair:1   | Killed a four-headed hydra
 15319 | Lair:1   | Offered knowledge of Frozen Ramparts by Vehumet.
 15754 | Lair:1   | Learned a level 3 spell: Frozen Ramparts
 15951 | Lair:2   | Noticed a six-headed hydra
 15957 | Lair:2   | Killed a six-headed hydra
 15958 | Lair:2   | Reached skill level 10 in Spellcasting
 16050 | Lair:2   | Noticed a six-headed hydra
 16060 | Lair:2   | Killed a six-headed hydra
 16064 | Lair:2   | Noticed a six-headed hydra
 16080 | Lair:2   | HP: 3/62 [six-headed hydra (6)]
 16080 | Lair:2   | Slain by a six-headed hydra

Illustrated notes

Levels and vault maps discovered:
D:1:      roderic_chinese_lattice_arrival, layout_basic,
          hellmonk_ecumenical_altar_inner_sanctum
D:2:      layout_loops_cross, minmay_tromino_v7
D:3:      layout_loops_ring, nicolae_ru_sacrificial_ziggurat,
          kennysheep_nondescript
D:4:      layout_loops_ring, lemuel_zombie_altar_yredelemnul,
          grunt_ministairs_11, palyth_stone_intersect, serial_bayou_pond_d,
          kennysheep_doodads
D:5:      layout_basic
D:6:      layout_rooms, gammafunk_ghost_mausoleum, grunt_ministairs_2
D:7:      layout_loops_cross, nicolae_overflow_quartered_altars, temple_green
D:8:      layout_cave_pools, mainiacjoe_overflow_six_doors_small,
          nicolae_ossuary_entry_ruins, special_room [special_room_orc],
          lightli_corner_chamber, uniq_grum
D:9:      layout_layer_cave, erik_lair_island
Temple:   regret_index_temple_generic_petals
Lair:1:   layout_gridlike, beast_lair_carwin_5, uniq_harold, uniq_sonja
Lair:2:   layout_long_grid, minmay_shoals_entry_centaurs, st_stairs_10,
          minmay_lair_oklob_items, chequers_serial_rivers_marsh,
          serial_bayou_shore_a

Skill      XL: |  1  2  3  4  5  6  7  8  9 10 11 |
---------------+----------------------------------+-----
Spellcasting   | 4 5 6 7 8 10 | 10.4
Conjurations   | 5 6 7 9 |  9.5
Hexes          | 2 5 8 11 | 11.1
Translocations | 2 4 7 9 |  9.5
Armour         | 1 4 |  4.5
Dodging        | 3 7 |  7.1
Fighting       | 2 4 |  4.7
Stealth        | |  2.4

Action                   |  1- 3 |  4- 6 |  7- 9 | 10-12 || total
-------------------------+-------+-------+-------+-------++-------
Melee: Unarmed           |    10 |       |       |       ||    10
       Short sword       |       |    14 |    12 |       ||    26
       Dagger            |       |       |    19 |     2 ||    21
 Cast: Magic Dart        |    81 |    68 |    85 |    73 ||   307
       Searing Ray       |     1 |    17 |    47 |    35 ||   100
       Fulminant Prism   |       |       |     7 |    28 ||    35
       Iskenderun's Myst |       |       |     6 |    14 ||    20
  Use: Scroll            |       |       |    21 |     7 ||    28
       Potion            |       |       |     3 |       ||     3
Armor: Robe              |     7 |     9 |    11 |    10 ||    37
Dodge: Dodged            |     7 |    19 |    53 |    46 ||   125
